Map: Ruins of Seras

Players

Wardí

  • Race: Terran Terran
  • League: Master

Neeblet (Neeb) - Winner!

  • Race: Protoss Protoss
  • League: Grandmaster

Event: DreamHack ZOWIE Open Leipzig

VOD

Have the link to the VOD?

Description

Time

  • Played on: Jan. 22, 2016, 8:32 a.m.
  • Length: 6:19

All games in this series

Show
View Real Time Build Order
Export as new Build Order

Wardí Terran 

Build Orders: Liberator Opening, Reaper Expand 

Get SALT Encoding   

  12  0:01  SCV  
  13  0:14  SCV  
  14  0:18  Supply Depot  
  14  0:26  SCV  
  15  0:40  SCV  
  15  0:42  Barracks  
  16  0:47  Refinery  
  16  0:52  SCV  
  17  1:04  SCV  
  18  1:16  SCV  
  19  1:29  Orbital Command  
  19  1:30  Reaper  
  20  1:47  Command Center  
  20  1:55  SCV  
  20  1:59  Supply Depot  
  21  2:03  Barracks Reactor  
  21  2:07  SCV  
  22  2:21  Refinery  
  22  2:25  Factory  
  22  2:27  SCV  
  23  2:40  Marine x2  
  23  2:42  SCV  
  26  2:47  Bunker  
  26  2:56  SCV  
  27  3:00  Orbital Command  
  27  3:02  Marine x2  
  29  3:08  SCV  
  29  3:10  Starport  
  30  3:13  Factory Tech Lab  
  30  3:20  SCV  
  30  3:21  Supply Depot  
  31  3:27  Marine x2  
  33  3:35  Cyclone  
  33  3:37  Liberator  
  33  3:38  SCV x2  
  38  3:47  Marine x2  
  39  3:50  SCV x2  
  44  4:02  Supply Depot, SCV  
  45  4:03  SCV  
  45  4:06  Marine x2  
  45  4:07  Widow Mine  
  50  4:14  SCV  
  50  4:15  SCV  
  52  4:18  Supply Depot  
  51  4:31  Marine x2  
  51  4:32  SCV  
  54  4:40  Barracks  
  54  4:41  Siege Tank, Barracks  
  54  4:43  Liberator  
  54  4:57  Bunker  
  54  4:58  SCV x2  
  54  4:59  Bunker, Marine x2  
  54  5:31  Marine x2  
  54  5:32  Marine x2  
  54  5:33  SCV, Siege Tank  
  54  5:34  SCV  
  63  5:46  SCV  
  60  6:01  Marine  
  60  6:03  SCV  
  67  6:08  Supply Depot  
  67  6:10  Command Center, Supply Depot  
Show
View Real Time Build Order
Export as new Build Order

Neeblet Protoss - Winner!

Build Orders: 1 Gate Expand 

Get SALT Encoding   

  12  0:00  Probe (Chrono Boost)  
  13  0:11  Probe (Chrono Boost)  
  14  0:18  Pylon  
  14  0:22  Probe (Chrono Boost)  
  15  0:37  Probe (Chrono Boost), Gateway  
  16  0:47  Probe (Chrono Boost)  
  17  0:58  Probe (Chrono Boost)  
  17  0:59  Assimilator  
  18  1:08  Probe (Chrono Boost)  
  19  1:20  Nexus  
  19  1:30  Cybernetics Core  
  19  1:34  Probe (Chrono Boost)  
  19  1:39  Assimilator  
  20  1:44  Probe (Chrono Boost)  
  21  1:50  Pylon  
  21  1:55  Probe (Chrono Boost)  
  22  2:05  Probe (Chrono Boost)  
  22  2:08  Adept (Chrono Boost), Warp Gate  
  25  2:17  Probe  
  26  2:29  Probe (Chrono Boost)  
  27  2:31  Adept  
  27  2:33  Probe (Chrono Boost)  
  30  2:39  Robotics Facility  
  30  2:40  Probe (Chrono Boost)  
  32  2:44  Probe (Chrono Boost)  
  32  2:51  Probe (Chrono Boost)  
  33  2:55  Probe (Chrono Boost)  
  34  3:02  Mothership Core (Chrono Boost)  
  34  3:05  Probe (Chrono Boost)  
  37  3:16  Probe (Chrono Boost)  
  39  3:20  Probe (Chrono Boost)  
  39  3:21  Pylon  
  39  3:25  Probe (Chrono Boost)  
  39  3:27  Immortal (Chrono Boost)  
  44  3:32  Probe  
  45  3:35  Probe  
  46  3:45  Probe x2  
  48  3:53  Gateway x2  
  48  3:57  Gateway  
  48  4:02  Immortal (Chrono Boost)  
  52  4:07  Pylon  
  52  4:12  Sentry  
  54  4:19  Gateway  
  54  4:22  Gateway  
  52  4:31  Gateway  
  52  4:34  Gateway  
  52  4:35  Sentry  
  52  4:37  Warp Prism (Chrono Boost)  
  56  4:39  Pylon  
  56  4:43  Pylon  
  56  4:51  Adept  
  56  4:52  Adept x2  
  62  4:57  Pylon x2  
  60  5:30  Stalker  
  60  5:31  Stalker  
  60  5:32  Stalker x6  
  70  6:02  Adept x3  
  70  6:03  Adept x4  
  84  6:06  Pylon  

Tags
 
Add a new tag
Caveats
  • Supply blocks, unpowered buildings, or Contaminate may cause inaccurate times.
  • Supply counts are checked every 10 seconds.